 Dungeon Crawl Stone Soup version 0.27.0-1-g7a089689b8 (webtiles) character file.

Game seed: 1025161140215430836

9 thirtiethelement the Skirmisher (level 2, -1/24 HPs)
             Began as a Demonspawn Abyssal Knight on Aug 9, 2021.
             Was an Initiate of Lugonu.
             Slain by a goblin (3 damage)
             ... on level 1 of the Dungeon.
             The game lasted 00:02:52 (390 turns).

thirtiethelement the Skirmisher (DsAK)               Turns: 390, Time: 00:02:53

Health: -1/24      AC:  3    Str: 18    XL:     2   Next: 6%
Magic:  4/4        EV: 11    Int: 13    God:    Lugonu [......]
Gold:   17         SH:  0    Dex: 12    Spells: 1/1 levels left

rFire    . . .     SeeInvis .   d - +2 falchion (drain)
rCold    . . .     Faith    .   (no shield)
rNeg     . . .     Spirit   .   b - +0 leather armour
rPois    .         Reflect  .   (helmet restricted)
rElec    .         Harm     .   (no cloak)
rCorr    .         Rampage  .   (no gloves)
Will     .....                  (no boots)
Stlth    +.........             (no amulet)
HPRegen  0.08/turn              g - +6 ring of strength
MPRegen  0.09/turn              (no ring)

@: flying
A: horns 1
a: Renounce Religion


You were on level 1 of the Dungeon.
You worshipped Lugonu.
Lugonu was noncommittal.
You visited 1 branch of the dungeon, and saw 1 of its levels.
You visited the Abyss 1 time.

You collected 17 gold pieces.

Inventory:

Hand Weapons
 d - a +2 falchion of draining (weapon)
Armour
 b - a +0 leather armour (worn)
 c - a +1 helmet
Jewellery
 g - a +6 ring of strength (left hand)


   Skills:
 + Level 3.1 Fighting
 + Level 2.0 Long Blades
 + Level 2.0 Armour
 + Level 1.0 Dodging
 + Level 2.7 Invocations


You had one spell level left.
You didn't know any spells.
Your spell library was empty.

Dungeon Overview and Level Annotations

Branches:
Dungeon (1/15)

Altars:


Innate Abilities, Weirdness & Mutations

You have a pair of small horns on your head.


Message History

Unknown command.
You hit the ball python. You drain the ball python.
You kill the ball python!
Lugonu accepts your kill.
The frilled lizard bites you but does no damage.
The goblin barely misses you.
You riposte.
You slash the goblin!
You kill the goblin!
Lugonu accepts your kill. The goblin hits you but does no damage.
Your Armour skill increases to level 2!
Your Dodging skill increases to level 1!
You have reached level 2!
Your demonic ancestry asserts itself...
A pair of horns grows on your head!
Your +1 helmet falls away!
You barely miss the frilled lizard. The frilled lizard bites you.
The goblin hits you with a +0 dagger.
You hit the frilled lizard.
You kill the frilled lizard!
Lugonu accepts your kill. The frilled lizard bites you.
* * * LOW HITPOINT WARNING * * *
The goblin hits you but does no damage. The frilled lizard barely misses you.
Your Long Blades skill increases to level 2!
It was a potion of flight.
You feel very buoyant.
You fly up into the air.
The goblin hits you but does no damage.
The frilled lizard bites you but does no damage.
You hit the dart slug. You drain the dart slug. You headbutt the dart slug.
The dart slug is severely wounded.
The goblin hits you with a +0 dagger.
* * * LOW HITPOINT WARNING * * *
The dart slug launches a dart at you. The slug dart hits you.
* * * LOW HITPOINT WARNING * * *
The frilled lizard bites you.
* * * LOW HITPOINT WARNING * * *
You see here a frilled lizard corpse.
The goblin hits you with a +0 dagger.
You die...

###### ###### #....####....#
#............# #............#
#...≈....≈...# ##..........##
#....@≈.....# ###
#...g≈≈.....########..
##...l..........#...#.. .
#...≈....≈....#.#.#.#.. ..#####
#.............#.#.#....
.>....!####w............#.#.###..
..........w....##.......#.#.# #..
..............######....#.#.# #..
......†......## ###..#.#.#.####.


You could see 2 dart slugs, a goblin and a frilled lizard.

Vanquished Creatures
  A dart slug (D:1)
  A ball python (D:1)
  An endoplasm (D:1)
  A goblin (D:1)
  A hobgoblin (D:1)
  2 frilled lizards (D:1)
7 creatures vanquished.

Notes
Turn   | Place    | Note
-------+----------+-------------------------------------------
     0 | Abyss:1  | thirtiethelement the Demonspawn Abyssal Knight began the
                  | quest for the Orb.
     0 | Abyss:1  | Reached XP level 1. HP: 18/18 MP: 2/2
    74 | Abyss:2  | Noticed a tentacled starspawn
   136 | Abyss:2  | Noticed a large abomination
   170 | Abyss:2  | Noticed a large abomination
   171 | Abyss:2  | Noticed a smoke demon
   172 | D:1      | Escaped the Abyss
   378 | D:1      | Reached skill level 1 in Dodging
   378 | D:1      | Gained mutation: You have a pair of small horns on your
                  | head. [demonic ancestry]
   378 | D:1      | Reached XP level 2. HP: 14/24 MP: 4/4
   381 | D:1      | HP: 1/24 [frilled lizard (2)]
   390 | D:1      | Slain by a goblin

Illustrated notes

Levels and vault maps discovered:
D:1:      evilmike_arrival_crescent, layout_rooms, serial_co_window_serial,
          co_window_paths_a, co_window_of_opportunity_a, co_window_paths_b,
          co_window_paths_a, co_window_corner_a, co_window_corner_a,
          co_window_corner_a, co_window_of_opportunity_b, co_window_broadway_b,
          co_window_unsneaky_path_a, co_window_paths_e, co_window_4corner_b,
          glass_columns_b, glass_columns_a, glass_columns_b, glass_columns_b,
          skrybe_limestone_x

Skill      XL: |  1  2 |
---------------+-------+-----
Armour         | 2 |  2.0
Dodging        | 1 |  1.0
Long Blades    | 2 |  2.0
Fighting       | |  3.1
Invocations    | |  2.7

Action                   || total
-------------------------++-------
Melee: Falchion          ||    13
       Headbutt          ||     1
Invok: Depart the Abyss  ||     1
  Use: Scroll            ||     3
       Potion            ||     1
Armor: Leather armour    ||     8
Dodge: Dodged            ||    11
       Rpst.: Falchion   ||     2
